AoeStats
← Malcolm Little

Arena

506272219Analyzed
4v4 RM · 20d ago on Sep 13, 2026· 76m 18s· 8 players
Game mode
Random Map
Map size
Large (8 player)
Population
200
Speed
Normal
Resources
Standard
Victory
Conquest
Starting age
Dark Age
Ending age
Imperial Age
RankedLock teamsTeams togetherTeam positionsShared explorationLock speedFull tech treeHidden civsTurbo modeCheats
Victory
Defeat
🇩🇴 Bengalis · Dominican Republic
1340
+13
🇨🇴 Lithuanians · Colombia
1336
+14
🇲🇽 Magyars · Mexico
1307
+15
🇧🇷 Bohemians · Brazil
1273
+16
🇩🇪 Saracens · Germany
1317
-16
🇩🇪 Portuguese · Germany
1315
-16
🇩🇪 Bengalis · Germany
1314
-16
🇫🇷 Ethiopians · France
1178
-10
cortes.av
10:14 Feudal Age
12:40 Loom
15:02 Castle Age
13:29 Double-Bit Axe
25:47 Imperial Age
24:27 Wheelbarrow
25:03 Bow Saw
25:12 Horse Collar
28:07 Hand Cart
29:32 Chemistry
28:54 Heavy Plow
30:05 Pikeman
30:46 Squires
31:14 Scale Mail Armor
31:26 Forging
32:49 Fletching
34:29 Bodkin Arrow
37:47 Masonry
37:18 Treadmill Crane
38:07 Bracer
38:08 Padded Archer Armor
39:20 Two-Man Saw
37:53 Elite Skirmisher
39:56 Leather Archer Armor
40:29 Ballistics
40:31 Bombard Tower
40:13 Elite Hussite Wagon
41:30 Wagenburg Tactics
42:25 Ring Archer Armor
43:47 Architecture
49:05 Fortified Wall
48:46 Guard Tower
48:45 Arrowslits
Clearly
10:45 Feudal Age
15:09 Castle Age
13:02 Horse Collar
14:06 Double-Bit Axe
16:49 Bow Saw
16:45 Loom
20:58 Heavy Plow
22:02 Wheelbarrow
22:30 Gold Mining
23:27 Hand Cart
23:47 Fletching
25:29 Bodkin Arrow
25:52 Thumb Ring
27:40 Ballistics
32:35 Imperial Age
30:44 Padded Archer Armor
30:46 Husbandry
30:56 Bloodlines
32:05 Gold Shaft Mining
31:20 Stone Mining
32:31 Corvinian Army
33:42 Conscription
33:40 Recurve Bow
33:54 Bracer
34:16 Leather Archer Armor
35:26 Chemistry
35:05 Parthian Tactics
34:12 Heavy Cavalry Archer
37:24 Ring Archer Armor
38:09 Scale Barding Armor
37:31 Elite Magyar Huszar
41:26 Chain Barding Armor
46:40 Plate Barding Armor
48:00 Crop Rotation
62:42 Caravan
72:24 Two-Man Saw
[VA] Santi.TNT
10:16 Feudal Age
14:51 Castle Age
13:16 Double-Bit Axe
13:39 Horse Collar
17:36 Bow Saw
20:17 Loom
24:16 Wheelbarrow
25:01 Heavy Plow
26:23 Scale Barding Armor
28:53 Imperial Age
27:26 Bloodlines
27:16 Husbandry
28:38 Gold Mining
28:39 Stone Mining
29:24 Chain Barding Armor
29:44 Cavalier
32:33 Plate Barding Armor
32:03 Light Cavalry
35:47 Forging
35:13 Paladin
37:57 Iron Casting
37:45 Hand Cart
40:41 Stone Shaft Mining
42:44 Winged Hussar
43:40 Treadmill Crane
45:02 Chemistry
45:11 Two-Man Saw
49:54 Crop Rotation
54:51 Caravan
59:01 Town Watch
Malcolm Little
10:27 Feudal Age
14:56 Castle Age
13:33 Double-Bit Axe
13:51 Gold Mining
16:22 Redemption
19:52 Sanctity
21:55 Loom
22:46 Wheelbarrow
22:39 Town Watch
23:39 Atonement
26:48 Elite Skirmisher
27:23 Stone Mining
30:41 Fervor
32:34 Hand Cart
32:58 Bow Saw
33:26 Fletching
37:05 Imperial Age
35:40 Gold Shaft Mining
34:45 Horse Collar
36:00 Bodkin Arrow
37:18 Siege Elephant
41:26 Two-Man Saw
40:26 Heavy Plow
40:48 Bracer
40:49 Padded Archer Armor
41:53 Heavy Scorpion
43:44 Conscription
43:13 Onager
47:45 Chemistry
48:29 Forging
48:20 Scale Mail Armor
48:26 Scale Barding Armor
49:08 Mahayana
50:03 Iron Casting
51:04 Chain Barding Armor
50:58 Masonry
50:30 Treadmill Crane
52:02 Leather Archer Armor
52:03 Chain Mail Armor
55:30 Plate Barding Armor
58:59 Ring Archer Armor
59:04 Architecture
58:09 Elite Ratha (Ranged)
60:49 Crop Rotation
60:28 Caravan
63:00 Ballistics
65:45 Coinage
65:40 Elite Elephant Archer
73:04 Paiks
73:22 Paiks
Baruchiev
4:03 Loom
11:46 Feudal Age
13:32 Double-Bit Axe
16:37 Castle Age
15:54 Horse Collar
22:12 Crossbowman
27:25 Light Cavalry
28:08 Husbandry
28:21 Scale Barding Armor
28:30 Forging
siggi-lok
11:47 Feudal Age
12:51 Loom
16:16 Castle Age
14:14 Horse Collar
17:29 Double-Bit Axe
18:46 Heavy Plow
32:50 Imperial Age
31:43 Wheelbarrow
30:53 Town Watch
32:53 Hand Cart
32:38 Town Patrol
32:55 Fortified Wall
33:13 Bow Saw
35:15 Chemistry
34:20 Arquebus
34:41 Conscription
36:35 Siege Engineers
37:36 Scale Mail Armor
37:46 Forging
37:29 Pikeman
38:47 Chain Mail Armor
40:10 Plate Mail Armor
41:22 Halberdier
45:17 Iron Casting
47:12 Blast Furnace
50:59 Two-Man Saw
50:33 Crop Rotation
49:58 Gold Mining
49:59 Stone Mining
53:41 Elite Organ Gun
56:10 Padded Archer Armor
56:00 Fletching
59:46 Leather Archer Armor
64:58 Thumb Ring
65:54 Ring Archer Armor
65:31 Bodkin Arrow
66:10 Elite Skirmisher
Dragon
11:05 Feudal Age
15:56 Castle Age
14:12 Double-Bit Axe
17:13 Bow Saw
18:22 Fervor
23:46 Wheelbarrow
22:53 Horse Collar
23:28 Loom
26:49 Scale Barding Armor
26:55 Forging
26:25 Light Cavalry
28:14 Bloodlines
28:36 Chain Barding Armor
28:51 Iron Casting
29:25 Husbandry
31:03 Heavy Plow
31:43 Fletching
32:48 Devotion
35:24 Imperial Age
34:39 Gold Mining
35:08 Hand Cart
35:08 Town Watch
35:51 Bodkin Arrow
35:27 Hussar
36:59 Plate Barding Armor
36:48 Conscription
38:36 Ballistics
38:27 Fortified Wall
38:28 Masonry
37:45 Elite Mameluke
39:29 Blast Furnace
43:46 Bracer
43:41 Stone Mining
51:28 Chemistry
50:34 Siege Engineers
54:51 Padded Archer Armor
65:40 Caravan
Who am I
11:18 Feudal Age
15:20 Castle Age
13:33 Horse Collar
13:39 Double-Bit Axe
17:10 Wheelbarrow
18:09 Loom
21:59 Heavy Plow
24:22 Hand Cart
24:01 Gold Mining
24:04 Stone Mining
24:26 Bow Saw
28:42 Imperial Age
27:22 Gold Shaft Mining
28:13 Fletching
28:23 Padded Archer Armor
29:15 Bodkin Arrow
29:36 Leather Archer Armor
28:46 Elite Elephant Archer
31:56 Chemistry
31:17 Ballistics
30:38 Treadmill Crane
32:08 Masonry
32:08 Bracer
33:50 Crop Rotation
34:21 Two-Man Saw
34:36 Two-Man Saw
34:31 Conscription
33:43 Siege Elephant
36:48 Husbandry
37:53 Bloodlines
42:41 Ring Archer Armor
47:26 Caravan
53:21 Light Cavalry
58:10 Scale Barding Armor
58:15 Forging
60:44 Chain Barding Armor
62:23 Fortified Wall
64:04 Plate Barding Armor
64:04 Iron Casting
69:20 Iron Casting
Connection lost

Rejoining the realm…

Still unreachable

The connection could not be restored.

Session expired

The server has moved on; the page needs a fresh start.